 Dungeon Crawl Stone Soup version 0.27-a0-1184-ge86db4a01e (webtiles) character file.

Game seed: 8354299348293285735

81 bande the Shield-Bearer (level 4, -4/29 HPs)
             Began as a Gargoyle Fighter on May 18, 2021.
             Slain by a gnoll
             ... wielding a +0 halberd
              (6 damage)
             ... on level 3 of the Dungeon.
             The game lasted 00:03:24 (1302 turns).

bande the Shield-Bearer (Gargoyle Fighter)          Turns: 1302, Time: 00:03:24

Health: -4/29      AC: 10    Str: 20    XL:     4   Next: 40%
Magic:  4/4        EV:  7    Int:  8    God:
Gold:   62         SH:  9    Dex: 10    Spells: 3/3 levels left

rFire    . . .     SeeInvis .   a - +0 war axe (spect)
rCold    . . .     Faith    .   c - +0 kite shield
rNeg     + . .     Spirit   .   b - +0 scale mail
rPois    ∞         Reflect  .   (no helmet)
rElec    +         Harm     .   (no cloak)
rCorr    .         Rampage  .   (no gloves)
Will     .....                  (no boots)
Stlth    ..........             (no amulet)
HPRegen  0.09/turn              (no ring)
MPRegen  0.09/turn              (no ring)

@: mighty
A: sickness immunity, AC +3, negative energy resistance 1, electricity
resistance, torment resistance 1, petrification resistance
a: no special abilities


You were on level 3 of the Dungeon.
You visited 1 branch of the dungeon, and saw 3 of its levels.

You collected 62 gold pieces.

Inventory:

Hand Weapons
 a - a +0 spectral war axe (weapon)
Armour
 b - a +0 scale mail (worn)
 c - a +0 kite shield (worn)
Jewellery
 e - a ring of flight
Potions
 f - a potion of ambrosia {unknown}


   Skills:
 + Level 3.9 Fighting
 + Level 2.3 Axes
 + Level 3.8 Armour
 + Level 1.0 Dodging
 + Level 4.0 Shields


You had 3 spell levels left.
You didn't know any spells.
Your spell library contained the following spells:

 Spells                   Type           Power      Damage    Failure   Level
 Shock                    Conj/Air       0%         1d3       99%         1
 Static Discharge         Conj/Air       0%         N/A       100%        2
 Swiftness                Air            0%         N/A       100%        3
 Airstrike                Air            0%         N/A       100%        4
 Lightning Bolt           Conj/Air       0%         1d11      100%        5


Dungeon Overview and Level Annotations

Branches:
Dungeon (3/15)

Altars:


Innate Abilities, Weirdness & Mutations

You are immune to sickness and miasma.
Your stone body is resilient. (AC +3)
You are immune to poison.
You resist negative energy. (rN+)
You are resistant to electric shocks. (rElec)
You are resistant to unholy torment.
You are immune to petrification.


Message History

You are too injured to fight recklessly!
Unknown command.
You feel much better.
The gnoll shouts!
The gnoll hits you with a +0 flail.
You slash the gnoll!
You kill the gnoll!
The gnoll throws a throwing net.
You block the throwing net.
You closely miss the gnoll. You block the gnoll's attack. x2
You hit the gnoll.
The gnoll is moderately wounded.
You block the gnoll's attack. The gnoll closely misses you.
The gnoll hits you but does no damage. You block the gnoll's attack.
You closely miss the gnoll.
The gnoll is moderately wounded.
The gnoll hits you with a +0 whip.
The gnoll hits you from afar with a +0 halberd.
You block the gnoll's attack.
You hit the gnoll.
The gnoll is severely wounded.
You block the gnoll's attack. x2; The gnoll completely misses you.
You hit the gnoll but do no damage.
The gnoll is severely wounded.
The gnoll hits you with a +0 whip. The gnoll hits you but does no damage.
You block the gnoll's attack. The gnoll closely misses you.
You barely miss the gnoll.
The gnoll is severely wounded.
You block the gnoll's attack. The gnoll hits you but does no damage.
The gnoll hits you with a +0 whip.
You slash the gnoll!
You kill the gnoll!
The gnoll hits you from afar with a +0 halberd!
* * * LOW HITPOINT WARNING * * *
The gnoll hits you from afar with a +0 halberd.
* * * LOW HITPOINT WARNING * * *
Your Dodging skill increases to level 1!
Your Shields skill increases to level 4!
You feel very mighty all of a sudden.
The gnoll hits you from afar with a +0 halberd.
You die...

### ..#
#.# #.#
#g# #)#
########@#
#......#.#
#.####.#†#
#.#..#.#.#
#.#..#.#.#
#.#..#.#.#
#.#..#.#.#
#.#..#.#.#
#.#..#.#.#


You could see a gnoll.

Vanquished Creatures
  2 gnolls (D:3)
  2 adders (D:2)
  2 dart slugs
  3 endoplasms
  2 giant cockroaches (D:1)
  6 hobgoblins (D:1)
  6 ball pythons (D:1)
  2 bats (D:1)
  5 frilled lizards
  3 goblins
  7 kobolds
  A rat (D:2)
41 creatures vanquished.

Vanquished Creatures (others)
  2 withered plants (D:1)
2 creatures vanquished.

Grand Total: 43 creatures vanquished

Notes
Turn   | Place    | Note
-------+----------+-------------------------------------------
     0 | D:1      | bande the Gargoyle Fighter began the quest for the Orb.
     0 | D:1      | Reached XP level 1. HP: 14/14 MP: 1/1
   135 | D:1      | Reached XP level 2. HP: 10/19 MP: 2/2
   419 | D:1      | You fall into a shaft and drop 1 floor!
   429 | D:2      | Reached XP level 3. HP: 24/24 MP: 3/3
   638 | D:1      | Found a faded altar of an unknown god.
   740 | D:1      | You fall into a shaft and drop 1 floor!
  1139 | D:2      | Reached XP level 4. HP: 28/29 MP: 4/4
  1302 | D:3      | Reached skill level 1 in Dodging
  1302 | D:3      | Reached skill level 4 in Shields
  1302 | D:3      | Slain by a gnoll

Illustrated notes

Levels and vault maps discovered:
D:1:      lightli_arrival_quake, layout_loops_ring,
          ebering_ecumenical_altar_petrified, minmay_misc_feat_hallway
D:2:      layout_basic
D:3:      layout_basic, minmay_pentangle, uniq_grinder

Skill      XL: |  1  2  3  4 |
---------------+-------------+-----
Axes           | 2 |  2.3
Dodging        | 1 |  1.0
Shields        | 4 |  4.0
Fighting       | |  3.9
Armour         | |  3.8

Action                   |  1- 3 |  4- 6 || total
-------------------------+-------+-------++-------
Melee: War axe           |    81 |    16 ||    97
  Use: Scroll            |     4 |       ||     4
       Potion            |       |     2 ||     2
Armor: Scale mail        |    41 |     4 ||    45
Dodge: Dodged            |    34 |     5 ||    39
Block: Kite shield       |    49 |    16 ||    65

Table legend: (Time is in decaauts)
 A = Elapsed time spent in this place.
 B = Non-inter-level travel time spent in this place.
 C = Inter-level travel time spent in this place.
 D = Time resting spent in this place.
 E = Time spent auto-exploring this place.
 F = Levels seen in this place.
 G = Mean time per level.
                   A        B        C        D        E       F      G
               +--------+--------+--------+--------+--------+-----+--------+
         Total |   1364 |   1364 |      0 |    134 |    902 |   3 |  454.7 |
       Dungeon |   1364 |   1364 |      0 |    134 |    902 |   3 |  454.7 |
               +--------+--------+--------+--------+--------+-----+--------+

Top non-repeatable levels by time:
     D:1: 952 daAuts
     D:2: 339 daAuts
     D:3: 72 daAuts
